 Dungeon Crawl Stone Soup version 0.31-a0-845-g9abc20d24f (webtiles) character file.

Game seed: 17208244223884588100

85 croobank the Covert (level 4, -4/41 HPs)
             Began as a Gnoll Delver on Oct 2, 2023.
             Slain by an ice beast (13 damage)
             ... on level 5 of the Dungeon.
             The game lasted 00:03:06 (348 turns).

croobank the Covert (Gnoll Delver)                   Turns: 348, Time: 00:03:07

Health: -4/41      AC:  4    Str: 13    XL:     4   Next: 48%
Magic:  5/5        EV: 13    Int: 10    God:
Gold:   80         SH:  0    Dex: 13    Spells: 5/5 levels left

rFire   . . .        e - +0 long sword (heavy)
rCold   . . .        (no shield)
rNeg    . . .        b - +1 leather armour
rPois   .            (no helmet)
rElec   .            (no cloak)
rCorr   .            (no gloves)
SInv    .            (no boots)
Will    .....        (no amulet)
Stlth   ++++         (no ring)
HPRegen 0.26/turn    (no ring)
MPRegen 0.09/turn

%: no passive effects
@: no status effects
A: fangs 1, strong nose, distributed training
a: no special abilities


You were on level 5 of the Dungeon.
You visited 1 branch of the dungeon, and saw 2 of its levels.

You collected 80 gold pieces.

Inventory:

Hand Weapons
 a - a +0 short sword
 e - a +0 heavy long sword (weapon)
Armour
 b - a +1 leather armour (worn)
Wands
 g - a wand of digging (3)
Scrolls
 c - a scroll of fog
 d - a scroll of revelation


   Skills:
 + Level 6.6 Fighting
 + Level 4.6 Short Blades
 + Level 1.2 Long Blades
 + Level 1.2 Axes
 + Level 1.2 Maces & Flails
 + Level 1.2 Polearms
 + Level 1.2 Staves
 + Level 1.2 Ranged Weapons
 + Level 1.2 Throwing
 + Level 1.2 Armour
 + Level 4.6 Dodging
 + Level 9.6 Stealth
 + Level 1.2 Shields
 + Level 1.2 Unarmed Combat
 + Level 1.2 Spellcasting
 + Level 1.0 Conjurations
 + Level 1.0 Hexes
 + Level 1.0 Summonings
 + Level 1.0 Necromancy
 + Level 1.0 Translocations
 + Level 1.0 Transmutations
 + Level 1.0 Fire Magic
 + Level 1.0 Ice Magic
 + Level 1.0 Air Magic
 + Level 1.0 Earth Magic
 + Level 1.0 Poison Magic
 + Level 1.3 Invocations
 + Level 1.2 Evocations
 + Level 1.1 Shapeshifting


You had 5 spell levels left.
You didn't know any spells.
Your spell library contained the following spells:

 Spells                   Type           Power      Damage    Failure   Level
 Foxfire                  Conj/Fire      8%         2x1d4     28%         1
 Cause Fear               Hex            1%         N/A       96%         4
 Fireball                 Conj/Fire      1%         3d3       100%        5
 Plasma Beam              Fire/Air       1%         2x1d11    100%        6
 Starburst                Conj/Fire      1%         6d3       100%        6
 Dragon's Call            Summ           1%         N/A       100%        9


Dungeon Overview and Level Annotations

Branches:
Dungeon (6/15)
 Temple: D:4-7

Altars:
Okawaru


Innate Abilities, Weirdness & Mutations

You have very sharp teeth.
Your uncanny sense of smell can sniff out nearby items.
Your experience applies equally to all skills.


Message History

You add the spells Foxfire, Plasma Beam and Starburst to your library.
Found a stone staircase leading up.
You pick up a book of the Dragon and begin reading...
You add the spells Cause Fear, Fireball and Dragon's Call to your library.
Found 14 gold pieces.
Found an escape hatch in the floor.
You now have 66 gold pieces (gained 22).
There is an escape hatch in the floor here.
You now have 80 gold pieces (gained 14).
An ice beast comes into view.
The helpless ice beast fails to defend itself.
You hit the ice beast.
The ice beast is lightly wounded.
The ice beast closely misses you. The ice beast barely misses you.
The ice beast closely misses you.
Okay, then.
You aren't carrying any potions.
Unknown command.
You hit the ice beast but do no damage.
You bite the ice beast, but do no damage.
The ice beast is lightly wounded.
The ice beast closely misses you. The ice beast misses you.
You slash the ice beast!
The ice beast is heavily wounded.
The ice beast hits you but does no damage.
The ice beast barely misses you.
You completely miss the ice beast.
The ice beast is heavily wounded.
The ice beast hits you but does no damage.
The ice beast hits you. The ice beast freezes you!
You closely miss the ice beast.
The ice beast is heavily wounded.
The ice beast hits you. The ice beast freezes you!
* * * LOW HITPOINT WARNING * * *
The ice beast barely misses you.
You hit the ice beast.
The ice beast is severely wounded.
The ice beast closely misses you. The ice beast hits you.
* * * LOW HITPOINT WARNING * * *
The ice beast freezes you!
You die...

###.... #######
.....# ........
........ #.##...# ∆
∆ .# ..# .. .#
.######### ### #
......Y@.#
########.#
#.#########..
########.#.........#
.........>...#
###....#.....#
#.#######..### ..
#######..<.#### #
................


You could see an ice beast.

Vanquished Creatures
  A scorpion (D:5)
  3 adders (D:5)
  A quokka (D:5)
5 creatures vanquished.

Notes
Turn   | Place    | Note
-------+----------+-------------------------------------------
     0 | D:5      | Reached skill level 9 in Stealth
     0 | D:5      | croobank the Gnoll Delver began the quest for the Orb.
     0 | D:5      | Reached XP level 1. HP: 23/23 MP: 1/1
    83 | D:6      | Noticed an ice beast
   100 | D:6      | Found an iron altar of Okawaru.
   108 | D:5      | Noticed a scorpion
   110 | D:5      | Reached XP level 2. HP: 26/29 MP: 2/2
   146 | D:5      | HP: 2/43 [scorpion (1)]
   150 | D:5      | Killed a scorpion
   151 | D:5      | Reached skill level 1 in Long Blades
   151 | D:5      | Reached skill level 1 in Axes
   151 | D:5      | Reached skill level 1 in Maces & Flails
   151 | D:5      | Reached skill level 1 in Polearms
   151 | D:5      | Reached skill level 1 in Staves
   151 | D:5      | Reached skill level 1 in Ranged Weapons
   151 | D:5      | Reached skill level 1 in Throwing
   151 | D:5      | Reached skill level 1 in Armour
   151 | D:5      | Reached skill level 1 in Shields
   151 | D:5      | Reached skill level 1 in Unarmed Combat
   151 | D:5      | Reached skill level 1 in Spellcasting
   151 | D:5      | Reached skill level 1 in Invocations
   151 | D:5      | Reached skill level 1 in Evocations
   151 | D:5      | Reached skill level 1 in Shapeshifting
   151 | D:5      | Reached XP level 3. HP: 2/35 MP: 2/4
   151 | D:5      | Reached XP level 4. HP: 2/41 MP: 2/5
   156 | D:5      | HP: 1/61 [adder (3)]
   165 | D:5      | Reached skill level 1 in Conjurations
   165 | D:5      | Reached skill level 1 in Hexes
   165 | D:5      | Reached skill level 1 in Summonings
   165 | D:5      | Reached skill level 1 in Necromancy
   165 | D:5      | Reached skill level 1 in Translocations
   165 | D:5      | Reached skill level 1 in Transmutations
   165 | D:5      | Reached skill level 1 in Fire Magic
   165 | D:5      | Reached skill level 1 in Ice Magic
   165 | D:5      | Reached skill level 1 in Air Magic
   165 | D:5      | Reached skill level 1 in Earth Magic
   165 | D:5      | Reached skill level 1 in Poison Magic
   341 | D:5      | Noticed an ice beast
   348 | D:5      | Slain by an ice beast

Illustrated notes

Levels and vault maps discovered:
D:5:      lemuel_insect_pit, layout_rooms
D:6:      minmay_chambers_of_sixes, layout_rooms, okawaru_metal_pillars_1_2,
          uniq_pikel

Skill      XL: |  1  2  3  4 |
---------------+-------------+-----
Stealth        | |  9.6
Long Blades    | 1 |  1.2
Axes           | 1 |  1.2
Maces & Flails | 1 |  1.2
Polearms       | 1 |  1.2
Staves         | 1 |  1.2
Ranged Weapons | 1 |  1.2
Throwing       | 1 |  1.2
Armour         | 1 |  1.2
Shields        | 1 |  1.2
Unarmed Combat | 1 |  1.2
Spellcasting   | 1 |  1.2
Invocations    | 1 |  1.3
Evocations     | 1 |  1.2
Shapeshifting  | 1 |  1.1
Conjurations   | 1 |  1.0
Hexes          | 1 |  1.0
Summonings     | 1 |  1.0
Necromancy     | 1 |  1.0
Translocations | 1 |  1.0
Transmutations | 1 |  1.0
Fire Magic     | 1 |  1.0
Ice Magic      | 1 |  1.0
Air Magic      | 1 |  1.0
Earth Magic    | 1 |  1.0
Poison Magic   | 1 |  1.0
Fighting       | |  6.6
Short Blades   | |  4.6
Dodging        | |  4.6

Action                     |  1- 3 |  4- 6 || total
---------------------------+-------+-------++-------
  Melee: Short sword       |    42 |       ||    42
         Long sword        |     1 |    20 ||    21
         Bite              |       |     1 ||     1
    Use: Scroll            |     3 |       ||     3
         Potion            |     2 |       ||     2
   Stab: Sleeping          |     1 |     1 ||     2
 Armour: Leather armour    |     5 |     5 ||    10
         Skin              |    70 |    21 ||    91
  Dodge: Dodged            |    10 |    12 ||    22

Table legend: (Time is in decaauts)
 A = Elapsed time spent in this place.
 B = Non-inter-level travel time spent in this place.
 C = Inter-level travel time spent in this place.
 D = Time resting spent in this place.
 E = Time spent auto-exploring this place.
 F = Levels seen in this place.
 G = Mean time per level.
                   A        B        C        D        E       F      G
               +--------+--------+--------+--------+--------+-----+--------+
         Total |    338 |    338 |      0 |    167 |      0 |   2 |  169.0 |
       Dungeon |    338 |    338 |      0 |    167 |      0 |   2 |  169.0 |
               +--------+--------+--------+--------+--------+-----+--------+

Top non-repeatable levels by time:
     D:5: 312 daAuts
     D:6: 26 daAuts
